 Dungeon Crawl Stone Soup version 0.31.0-32-g396128a36d (webtiles) character file.

Game seed: 5594833536810995516

27794 DemonSlayer the Covert (level 13, -25/130 (141) HPs)
             Began as a Demonspawn Earth Elementalist on Apr 14, 2024.
             Was an Elder of Dithmenos.
             Killed from afar by Josephine (32 damage)
             ... with a ghostly fireball
             ... on level 12 of the Dungeon.
             The game lasted 00:41:43 (17463 turns).

DemonSlayer the Covert (DsEE)                      Turns: 17463, Time: 00:41:44

HP:   -25/130 (141) AC: 14    Str: 10    XL:     13   Next: 6%
MP:   19/27         EV: 18    Int: 16    God:    Dithmenos [****..]
Gold: 1371          SH:  0    Dex: 17    Spells: 7/32 levels left

rFire   . . .        s - +16 obsidian axe {drain, demonic, Mesm ^Drain Fly SInv}
rCold   . . .        (no shield)
rNeg    . . .        I - +1 troll leather armour
rPois   .            (helmet restricted)
rElec   .            p - +1 cloak
rCorr   .            e - +0 pair of gloves
SInv    +            (no boots)
Will    +....        f - amulet of magic regeneration Stlth
                     i - +5 ring of evasion
HPRegen 1.21/turn    F - +4 ring of protection
MPRegen 0.60/turn

%: no passive effects
@: berserking (expiring), flying, mesmerised, slowed, wreathed by umbra, drained
A: horns 1, rugged brown scales 3, ignite blood 1, demonic magic 1, demonic
willpower
a: Renounce Religion, Shadow Step


You were on level 12 of the Dungeon.
You worshipped Dithmenos.
Dithmenos was greatly pleased with you.
You visited 3 branches of the dungeon, and saw 17 of its levels.
You also visited: Ossuary.

You collected 1371 gold pieces.

Inventory:

Hand Weapons
 s - the +16 obsidian axe (weapon) {drain, demonic, Mesm ^Drain Fly SInv}
   (You acquired it on level 11 of the Dungeon)

   Mesm:      Its wielder is mesmerised by any visible foes, and it cannot be
   unequipped while any foes are visible.
   SInv:      It lets you see invisible.
   Fly:       It grants you flight.
   ^Drain:    It drains your maximum health when unequipped.
Armour
 e - a +0 pair of gloves (worn)
 p - a +1 cloak (worn)
 I - a +1 troll leather armour (worn)
Jewellery
 d - a +4 ring of protection
 f - an amulet of magic regeneration (around neck)
 i - a +5 ring of evasion (left hand)
 n - a ring of poison resistance
 B - a ring of flight
 C - a ring of see invisible
 F - a +4 ring of protection (right hand)
 M - a ring of protection from cold
Wands
 o - a wand of iceblast (13)
 t - a wand of paralysis (10)
 A - a wand of flame (27)
 D - a wand of polymorph (14)
 G - a wand of light (5)
 H - a wand of mindburst (19)
Scrolls
 g - 10 scrolls of teleportation
 q - a scroll of fog
 u - a scroll of immolation
 v - 2 scrolls of fear
 y - 2 scrolls of butterflies
 E - 3 scrolls of amnesia
 K - a scroll of vulnerability
 N - a scroll of poison
 O - a scroll of enchant weapon
Potions
 a - 2 potions of ambrosia
 c - 6 potions of attraction
 h - 3 potions of invisibility
 j - 8 potions of heal wounds
 k - 9 potions of curing
 l - a potion of resistance
 m - 2 potions of enlightenment
 r - 2 potions of brilliance
 w - 3 potions of mutation
 x - 2 potions of lignification
 z - 3 potions of haste
 L - 2 potions of cancellation
Miscellaneous
 b - a lightning rod (4/4)


   Skills:
 + Level 3.8 Fighting
 + Level 4.0 Short Blades
 + Level 5.0 Axes
 + Level 3.3 Armour
 + Level 4.7 Dodging
 + Level 11.6 Stealth
 + Level 10.3 Spellcasting
 + Level 6.4 Conjurations
 + Level 9.8 Earth Magic
 + Level 1.0 Evocations


You had 7 spell levels left.
You knew the following spells:

 Your Spells              Type           Power      Damage    Failure   Level
a - Sandblast             Erth           78%        2d17      1%          1
b - Stone Arrow           Conj/Erth      68%        3d11      1%          3
c - Passwall              Erth           39%        N/A       1%          3
d - Brom's Barrelling Bo  Conj/Erth      34%        2d5       4%          4
e - Petrify               Alch/Erth      24%        N/A       16%         4
f - Dispel Undead         Necr           8%         3d8       75%         4
g - Bombard               Conj/Erth      17%        9d3       52%         6

Your spell library contained the following spells:

 Spells                   Type           Power      Damage    Failure   Level
 Hailstorm                Conj/Ice       18%        3d7       10%         3
 Freeze                   Ice            32%        1d5       12%         1
 Cigotuvi's Dreadful Rot  Necr/Alch/Air  16%        N/A       17%         2
 Iskenderun's Battlesphe  Conj           29%        2d8       22%         5
 Frozen Ramparts          Ice            16%        1d3       34%         3
 Tukima's Dance           Hex            8%         N/A       34%         3
 Martyr's Knell           Necr/Summ      8%         N/A       75%         4
 Passage of Golubria      Tloc           8%         N/A       75%         4
 Summon Forest            Summ/Tloc      4%         N/A       97%         5
 Summon Mana Viper        Hex/Summ       8%         N/A       97%         5
 Yara's Violent Unravell  Hex/Alch       4%         3d4       97%         5
 Death Channel            Necr           4%         N/A       100%        6
 Summon Cactus Giant      Summ           4%         N/A       100%        6
 Spellforged Servitor     Conj/Summ      9%         N/A       100%        7


Dungeon Overview and Level Annotations

Branches:
Dungeon (12/15)            Temple (1/1) D:7            Lair (4/5) D:10
  Swamp (0/4) Lair:3        Snake (0/4) Lair:2          Orc (0/2) D:11
Ossuary (visited)
  Slime: Lair:4-5

Altars:
Ashenzari
Cheibriados
Dithmenos
Fedhas
Gozag
Hepliaklqana
Kikubaaqudgha
Makhleb
Nemelex Xobeh
Okawaru
Qazlal
Ru
Sif Muna
Trog
Uskayaw
Vehumet
Wu Jian
Xom
Yredelemnul

Shops:
D:4 [   D:10 :

Annotations:
D:12 Azrael, Josephine


Innate Abilities, Weirdness & Mutations

You have a pair of small horns on your head.
You are completely covered in rugged brown scales. (AC +3, +7% HP)
Your demonic aura sometimes causes spilled blood to erupt in flames.
Spells you cast may paralyse adjacent enemies.
You punish those that try to bend your will. (Will+)


Message History

Dithmenos accepts your kill.
You closely miss the wraith.
Visions of slaying Josephine flood into your mind.
The fire elemental barely misses you. Josephine hits you but does no damage.
The wraith barely misses you. The fire elemental misses you.
Your Axes skill increases to level 5!
You barely miss Josephine.
Josephine is almost dead.
You closely miss the wraith. You slash the fire elemental!
You destroy the fire elemental!
Dithmenos accepts your kill.
You slice the wraith!! You open a gate to Pandemonium!
A demon appears!
You destroy the wraith!
Dithmenos accepts your kill.
The boulder beetle seems to regain its courage.
The wraith closely misses you. Josephine casts a spell at you.
The ghostly flame explodes!
The ghostly fireball engulfs you!
You feel drained.
* * * LOW HITPOINT WARNING * * *
The ghostly fireball engulfs the wraith.
The wraith completely resists.
The ghostly fireball engulfs the fire elemental.
The fire elemental completely resists.
The ghostly fireball engulfs Josephine.
Josephine completely resists.
The fire elemental completely misses you.
The wraith hits you but does no damage. Josephine hits you with a +0 dagger.
* * * LOW HITPOINT WARNING * * *
Unknown command.
You closely miss Josephine.
Josephine is almost dead.
You completely miss the wraith. You slash the fire elemental!
You open a gate to Pandemonium!
A demon appears!
Visions of slaying the fire elemental flood into your mind.
The fire elemental closely misses you.
The boulder beetle is engulfed in blazing flames.
The wraith barely misses you.
Josephine gestures at you while chanting.
The ghostly flame explodes!
The ghostly fireball engulfs you!!
You feel drained.
You die...

#....######### #....#
#○....... .###..+
#R....... ..§...#
#.......? ###..#
#........ #....######
#°°.°.u..
#.........#####°B4.....
#.............†E@○.....
..............4.@WE.....
.......###########......
.......# ..... .......#
.... .......# ...
.......# .. ....... .


You could see Azrael, a boulder beetle (rolling, drained), Josephine (ally
target), a white ugly thing, 2 fire elementals, a wraith, a friendly hellwing
(summoned) and a friendly rust devil (summoned).

Vanquished Creatures
  A hydra (Lair:3)
  A two-headed ogre (D:10)
  Urug (D:11)
  Amaemon (Lair:1)
  3 manticores
  5 elephants
  An orange demon (Lair:1)
  The ghost of Consumeair16 the Trooper, a novice GnWn of Gozag (D:5)
  A gargoyle (D:12)
  A black mamba (Lair:2)
  The ghost of Consumeair16 the Shooter, a novice GnWn of Yredelemnul (D:5)
  3 cane toads
  2 kobold demonologists
  A rime drake (Lair:4)
  Psyche (D:11)
  11 komodo dragons
  6 polar bears
  3 trolls
  7 dream sheep (Lair:3)
  A vampire (D:10)
  A shadow (D:8)
  A wyvern (D:11)
  6 wraiths
  3 fire elementals (D:12)
  A steam dragon (D:8)
  A fire bat (D:9)
  The ghost of JAYMINE the Grasshopper, an amateur GnWr (D:5)
  28 yaks
  2 vampire mosquitoes (D:12)
  2 hell hounds
  2 acid dragons
  A naga (Lair:2)
  3 water moccasins
  3 ice beasts
  5 orc warriors
  2 sky beasts
  2 black bears
  7 wolves (Lair:3)
  4 centaurs
  2 ogres
  3 phantoms (D:5)
  2 elf zombies (Ossuary)
  2 kobold brigands
  14 bullfrogs
  Blork the orc (D:6)
  2 scorpions
  9 killer bees
  3 bombardier beetles
  An electric eel (Lair:2)
  A centaur zombie (Ossuary)
  A quasit (D:3)
  2 human zombies (Ossuary)
  A jelly (D:6)
  11 orc priests
  4 hounds
  A gnoll bouda (D:7)
  Crazy Yiuf (D:2)
  3 iguanas
  Natasha (thrice) (D:2)
  14 orc wizards
  2 hound zombies (Ossuary)
  2 mummies (Ossuary)
  7 gnolls
  7 adders
  A shadow imp (D:7)
  2 white imps
  7 adder zombies (Ossuary)
  5 ribbon worms
  44 orcs
  7 bats
  10 endoplasms
  7 giant cockroaches
  3 goblins (D:1)
  6 hobgoblins
  A quokka (D:1)
  7 ball pythons
  7 gnoll zombies (Ossuary)
  6 jackal zombies (Ossuary)
  17 kobolds
  3 kobold zombies (Ossuary)
  6 orc zombies (Ossuary)
  6 rats
371 creatures vanquished.

Vanquished Creatures (collateral kills)
  A yak (Lair:2)
  A naga (Lair:2)
  2 water moccasins (Lair:2)
  4 butterflies (Lair:4)
8 creatures vanquished.

Grand Total: 379 creatures vanquished

Notes
Turn   | Place    | Note
-------+----------+-------------------------------------------
     0 | D:1      | DemonSlayer the Demonspawn Earth Elementalist began the
                  | quest for the Orb.
     0 | D:1      | Reached XP level 1. HP: 13/13 MP: 3/3
   200 | D:1      | Gained mutation: You are partially covered in rugged brown
                  | scales. (AC +1, +3% HP) [demonic ancestry]
   200 | D:1      | Reached XP level 2. HP: 13/19 MP: 3/5
   860 | D:1      | Gained mutation: You are mostly covered in rugged brown
                  | scales. (AC +2, +5% HP) [demonic ancestry]
   860 | D:1      | Reached XP level 3. HP: 19/25 MP: 1/6
  1498 | D:2      | Reached skill level 2 in Stealth
  1667 | D:2      | Gained mutation: You have a pair of small horns on your
                  | head. [demonic ancestry]
  1667 | D:2      | Reached XP level 4. HP: 31/31 MP: 5/8
  1671 | D:2      | Noticed Natasha
  1676 | D:2      | Killed Natasha
  1812 | D:2      | Noticed Natasha
  1814 | D:2      | Killed Natasha
  1899 | D:2      | Found a runed translucent door.
  1900 | D:2      | Noticed Crazy Yiuf
  2120 | D:2      | Noticed Natasha
  2130 | D:2      | Killed Natasha
  2131 | D:2      | Gained mutation: Spells you cast may paralyse adjacent
                  | enemies. [demonic ancestry]
  2131 | D:2      | Reached XP level 5. HP: 36/36 MP: 7/10
  2203 | D:2      | Killed Crazy Yiuf
  2288 | D:3      | Learned a level 3 spell: Stone Arrow
  2292 | D:3      | Learned a level 3 spell: Passwall
  2297 | D:3      | Learned a level 4 spell: Brom's Barrelling Boulder
  2320 | D:3      | Found a stormy altar of Qazlal.
  2939 | D:4      | Noticed an ice beast
  2943 | D:4      | Reached XP level 6. HP: 38/43 MP: 7/12
  2948 | D:4      | Killed an ice beast
  2949 | D:4      | Reached skill level 3 in Stealth
  2978 | D:4      | Found an ornate altar of the Wu Jian Council.
  3039 | D:4      | Found a sand-covered staircase.
  3046 | Ossuary  | Entered an ossuary
  3417 | Ossuary  | Reached XP level 7. HP: 45/48 MP: 6/14
  3553 | Ossuary  | Reached skill level 1 in Short Blades
  3559 | Ossuary  | Reached skill level 4 in Stealth
  3559 | Ossuary  | Reached skill level 5 in Spellcasting
  3760 | D:4      | Found Giroley's Armour Shop.
  3880 | D:4      | Reached skill level 5 in Earth Magic
  4012 | D:4      | You are sucked into a shaft and drop 3 floors!
  4084 | D:5      | Entered Level 5 of the Dungeon
  4386 | D:5      | Reached skill level 5 in Stealth
  4386 | D:5      | Reached XP level 8. HP: 55/55 MP: 13/16
  4711 | D:5      | Found a runed translucent gate.
  4711 | D:5      | Found a runed translucent gate.
  4711 | D:5      | Found a runed translucent gate.
  4711 | D:5      | Noticed Consumeair16's ghost (novice GnWn)
  4712 | D:5      | Noticed Consumeair16's ghost (novice GnWn)
  4712 | D:5      | Noticed JAYMINE's ghost (amateur GnWr)
  5223 | D:5      | Killed Consumeair16's ghost
  5224 | D:5      | Reached skill level 6 in Stealth
  5396 | D:5      | Killed Consumeair16's ghost
  5397 | D:5      | Reached skill level 1 in Fighting
  5397 | D:5      | Reached XP level 9. HP: 53/61 MP: 2/19
  5526 | D:5      | Killed JAYMINE's ghost
  5644 | D:6      | Noticed Blork the orc
  5649 | D:6      | Killed Blork the orc
  6326 | D:6      | Learned a level 4 spell: Petrify
  6355 | D:7      | Reached skill level 7 in Stealth
  6355 | D:7      | Reached skill level 1 in Evocations
  6993 | D:7      | Found a staircase to the Ecumenical Temple.
  7004 | Temple   | Entered the Ecumenical Temple
  7012 | Temple   | Became a worshipper of Dithmenos the Shadowed
  7614 | D:8      | Reached skill level 8 in Stealth
  7843 | D:8      | Reached * piety under Dithmenos
  7909 | D:8      | Gained mutation: Your demonic aura sometimes causes spilled
                  | blood to erupt in flames. [demonic ancestry]
  7909 | D:8      | Reached XP level 10. HP: 69/69 MP: 17/21
  9456 | D:9      | Found a shimmering altar of Xom.
  9462 | D:9      | Reached skill level 9 in Stealth
  9710 | D:10     | Entered Level 10 of the Dungeon
  9810 | D:10     | Reached ** piety under Dithmenos
 10192 | D:10     | Noticed an elephant
 10368 | D:10     | Noticed a two-headed ogre
 10375 | D:10     | Killed a two-headed ogre
 10376 | D:10     | Gained mutation: You punish those that try to bend your
                  | will. (Will+) [demonic ancestry]
 10376 | D:10     | Reached XP level 11. HP: 57/75 MP: 4/23
 10485 | D:10     | Found a staircase to the Lair.
 10502 | D:10     | Found Lurik's Vocational Training.
 10932 | D:10     | Learned a level 4 spell: Dispel Undead
 10991 | Lair:1   | Entered Level 1 of the Lair of Beasts
 11194 | Lair:1   | Reached skill level 1 in Armour
 11449 | Lair:1   | Reached skill level 5 in Conjurations
 11544 | Lair:1   | Reached skill level 10 in Stealth
 11782 | Lair:1   | Found a shimmering blue altar of Sif Muna.
 11952 | Lair:1   | Noticed Amaemon
 11957 | Lair:1   | Killed Amaemon
 12501 | D:11     | Reached *** piety under Dithmenos
 12607 | D:11     | Found a staircase to the Orcish Mines.
 12868 | D:11     | Noticed Psyche
 12870 | D:11     | Killed Psyche
 12923 | D:11     | Noticed Urug
 12933 | D:11     | Killed Urug
 13124 | D:11     | Identified a scroll of acquirement
 13126 | D:11     | Acquired the +16 obsidian axe {drain, demonic, Mesm ^Drain
                  | Fly SInv}
 13126 | D:11     | Found the +16 obsidian axe {drain, demonic, Mesm ^Drain Fly
                  | SInv}
 13378 | Lair:2   | Gained mutation: You are completely covered in rugged brown
                  | scales. (AC +3, +7% HP) [demonic ancestry]
 13378 | Lair:2   | Reached XP level 12. HP: 77/85 MP: 20/25
 13388 | Lair:2   | Reached skill level 1 in Axes
 13993 | Lair:2   | Reached skill level 11 in Stealth
 14131 | Lair:2   | Found a staircase to the Snake Pit.
 14921 | Lair:3   | Reached **** piety under Dithmenos
 14987 | Lair:3   | Found a staircase to the Swamp.
 14997 | Lair:3   | Reached skill level 10 in Spellcasting
 15473 | Lair:3   | Noticed an eight-headed hydra
 15480 | Lair:3   | Killed an eight-headed hydra
 16170 | Lair:3   | Learned a level 6 spell: Bombard
 17425 | D:12     | Found a hazy altar of Hepliaklqana.
 17439 | D:12     | Noticed Josephine
 17443 | D:12     | Noticed a boulder beetle
 17447 | D:12     | Reached XP level 13. HP: 84/94 MP: 18/27
 17453 | D:12     | Noticed Azrael
 17462 | D:12     | Reached skill level 5 in Axes
 17462 | D:12     | HP: 6/136 [Josephine/+0 dagger (1)]
 17463 | D:12     | Killed from afar by Josephine

Illustrated notes

Levels and vault maps discovered:
D:1:      nicolae_arrival_memento_mori, layout_loops_cross
D:2:      layout_loops_ring, uniq_natasha, uniq_crazy_yiuf_cottage
D:3:      layout_rooms, nicolae_qazlal_scattered_showers,
          nicolae_kite_square_tiling_tiny
D:4:      layout_loops_ring, mainiacjoe_overflow_boulevard, serial_shops, shop,
          serial_demonic, serial_demonic_b, serial_demonic_d, serial_demonic_c,
          serial_demonic_d, nicolae_ossuary_entry_false_entrances,
          serial_park_tiny_2
D:5:      layout_basic, gammafunk_ghost_cemetery, minivault_25,
          kennysheep_generic_room_8
D:6:      layout_basic, overflow_temple_1_default, uniq_blork_the_orc
D:7:      layout_loops_ring, minmay_temple_entry_drinking_statues
D:8:      layout_gridville, nicolae_nh_ransacked_shop
D:9:      layout_basic, regret_index_xom_of_box
D:10:     layout_loops_ring, grunt_lair_entry_orc_guard_hut, grunt_ministairs_5,
          nicolae_shop_vocational
D:11:     layout_roguey, hiddenorc1_lemuel, minmay_liquid_box, uniq_psyche,
          uniq_urug
D:12:     layout_irregular_city, nzn_hepliaklqana_mist_gate, uniq_sonja,
          uniq_azrael, uniq_josephine
Temple:   eino_narrow_crystal_temple
Lair:1:   layout_concentric_octagons, basic_altar, uniq_amaemon
Lair:2:   layout_regular_city, guppyfry_snake_entry_island, minivault_27,
          hangedman_lair_unloving_vines, serial_bayou_ford_a,
          gammafunk_lair_bear_cave
Lair:3:   beast_lair_carwin_large_2, layout_layer_cave,
          minmay_swamp_entry_reptiles, chequers_serial_rivers_micro_c
Lair:4:   layout_cave_pods, lemuel_fruit_fields, lemuel_fruit_fields

Skill      XL: |  1  2  3  4  5  6  7  8  9 10 11 12 13 |
---------------+----------------------------------------+-----
Earth Magic    | 3 4 5 6 7 8 9 |  9.8
Spellcasting   | 3 4 5 6 7 8 9 10 | 10.3
Stealth        | 2 3 5 6 8 9 10 11 | 11.6
Dodging        | 2 3 4 |  4.7
Short Blades   | 1 2 3 4 |  4.0
Fighting       | 1 2 3 |  3.8
Evocations     | 1 |  1.0
Conjurations   | 3 4 5 6 |  6.4
Armour         | 2 3 |  3.3
Axes           | 4 5 |  5.0

Action                     |  1- 3 |  4- 6 |  7- 9 | 10-12 | 13-15 || total
---------------------------+-------+-------+-------+-------+-------++-------
  Melee: Unarmed           |     2 |       |       |       |       ||     2
         Dagger            |    13 |    44 |    88 |    72 |       ||   217
         Headbutt          |       |     6 |     8 |    16 |     2 ||    32
         Broad axe         |       |       |       |    59 |     9 ||    68
         Punch             |       |       |       |       |     1 ||     1
   Cast: Sandblast         |    61 |    82 |    76 |    24 |       ||   243
         Stone Arrow       |       |       |    57 |   197 |     5 ||   259
  Evoke: Wand              |       |       |     4 |       |       ||     4
    Use: Scroll            |       |     6 |     5 |    20 |     1 ||    32
         Potion            |       |       |       |     1 |     2 ||     3
   Stab: Sleeping          |     1 |     5 |    11 |    29 |       ||    46
         Paralysed         |       |    26 |    43 |    56 |     4 ||   129
 Armour: Robe              |    25 |    32 |    78 |    27 |       ||   162
         Acid dragon scale |       |       |       |    65 |       ||    65
         Troll leather arm |       |       |       |    62 |    39 ||   101
  Dodge: Dodged            |    20 |    42 |    74 |   187 |    61 ||   384
